AoeStats
← 公鸡神探

Arabia

503769578Analyzed
4v4 RM · 1mo ago on Sep 2, 2026· 29m 32s· 8 players
Game mode
Random Map
Map size
Large (8 player)
Population
200
Speed
Normal
Resources
Standard
Victory
Conquest
Starting age
Dark Age
Ending age
Imperial Age
RankedLock teamsTeams togetherTeam positionsShared explorationLock speedFull tech treeHidden civsTurbo modeCheats
Victory
Defeat
🇦🇷 Franks · Argentina
1302
+14
🇦🇷 Romans · Argentina
1285
+14
🇦🇷 Maya · Argentina
1273
+15
🇦🇷 Shu · Argentina
1150
+20
🇺🇸 Gurjaras · United States
1313
-19
🇨🇦 Ethiopians · Canada
1282
-17
🇨🇳 Franks · China
1215
-14
🇨🇳 Dravidians · China
1193
-13
Duckcat
7:23 Loom
9:17 Feudal Age
11:49 Double-Bit Axe
12:59 Fletching
14:09 Horse Collar
18:29 Padded Archer Armor
25:12 Castle Age
25:17 Crossbowman
26:03 Thumb Ring
25:55 Bodkin Arrow
MengChuang10
6:06 Loom
6:10 Loom
8:39 Feudal Age
7:21 Loom
9:34 Double-Bit Axe
10:10 Horse Collar
16:10 Wheelbarrow
19:21 Castle Age
18:26 Bloodlines
18:07 Gold Mining
19:49 Forging
19:45 Scale Barding Armor
20:12 Bow Saw
22:19 Chain Barding Armor
23:26 Hand Cart
无甲的joe
6:39 Loom
9:25 Feudal Age
13:37 Forging
15:15 Scale Barding Armor
25:40 Castle Age
公鸡神探
6:46 Loom
9:32 Feudal Age
9:42 Man-at-Arms
10:53 Double-Bit Axe
10:58 Horse Collar
20:52 Fletching
26:09 Castle Age
SvS Sabach
6:54 Loom
9:16 Feudal Age
10:17 Double-Bit Axe
22:34 Castle Age
20:39 Horse Collar
21:35 Scale Barding Armor
22:00 Bloodlines
22:08 Gold Mining
22:42 Light Cavalry
23:52 Chain Barding Armor
25:20 Gold Shaft Mining
26:26 Wheelbarrow
26:40 Bow Saw
27:07 Forging
SvS LaMorba
7:31 Loom
9:46 Feudal Age
12:41 Fletching
12:52 Padded Archer Armor
14:05 Double-Bit Axe
17:01 Wheelbarrow
16:08 Horse Collar
26:55 Castle Age
26:59 Crossbowman
27:36 Bodkin Arrow
27:57 Leather Archer Armor
SvS Smolf
0:27 Loom
8:56 Feudal Age
14:40 Fletching
26:52 Wheelbarrow
26:03 Double-Bit Axe
25:59 Horse Collar
26:10 Gold Mining
26:11 Stone Mining
29:56 Castle Age
28:25 Padded Archer Armor
SvS CHEO
5:59 Loom
9:06 Feudal Age
9:47 Double-Bit Axe
17:09 Scale Barding Armor
24:01 Castle Age
22:30 Gold Mining
25:01 Chain Barding Armor
27:23 Forging
29:38 Wheelbarrow
Connection lost

Rejoining the realm…

Still unreachable

The connection could not be restored.

Session expired

The server has moved on; the page needs a fresh start.